 Dungeon Crawl Stone Soup version 0.17.1-3-g152610e (webtiles) character file.

65 kaze the Slasher (level 3, -9/28 HPs)
             Began as a Demonspawn Gladiator on Apr 5, 2016.
             Was an Initiate of Okawaru.
             Mangled by a gnoll
             ... wielding a +0 halberd
              (11 damage)
             ... on level 2 of the Dungeon.
             The game lasted 00:03:57 (1248 turns).

kaze the Slasher (Demonspawn Gladiator)             Turns: 1248, Time: 00:03:57

Health: -9/28      AC:  9    Str: 16    XL:     3   Next: 94%
Magic:  3/3        EV: 13    Int:  9    God:    Okawaru [......]
Gold:   83         SH:  0    Dex: 18    Spells: 0 memorised, 2 levels left

rFire  . . .     SeeInvis .     a - +0 long sword
rCold  . . .     Clarity  .     o - +0 chain mail
rNeg   . . .     SustAt   .     (no shield)
rPois  .         Gourm    .     c - +0 helmet
rElec  .         Spirit   .     (no cloak)
rCorr  .         Warding  .     (no gloves)
rMut   .         Stasis   .     (no boots)
MR     .....                    (no amulet)
Stlth  ..........               (no ring)
                                (no ring)

@: agile, not resistant to hostile enchantments, extremely unstealthy
A: powered by pain 1
a: Renounce Religion


You were on level 2 of the Dungeon.
You worshipped Okawaru.
Okawaru was noncommittal.
You were very hungry.

You visited 1 branch of the dungeon, and saw 2 of its levels.

You collected 83 gold pieces.

Inventory:

Hand Weapons
 a - a +0 long sword (weapon)
Missiles
 g - 5 poisoned javelins (quivered)
Armour
 b - a +0 leather armour
 c - a +0 helmet (worn)
 o - a +0 chain mail (worn)
Scrolls
 k - 2 scrolls of fear {unknown}
 m - 2 scrolls of identify {unknown}
 n - 2 scrolls of teleportation {unknown}
 q - 2 scrolls of remove curse {unknown}
Potions
 d - a potion of lignification
 i - a potion of mutation {unknown}
 j - a potion of heal wounds {unknown}
 p - 2 potions of curing {unknown}
Comestibles
 e - a bread ration
 f - 3 fruits
 h - a meat ration
 l - 2 beef jerkies


   Skills:
 + Level 2.6 Fighting
 + Level 3.3 Long Blades
 + Level 1.8 Throwing
 + Level 0.8 Armour
 + Level 3.2 Dodging
 + Level 0.2 Stealth


You had 2 spell levels left.
You didn't know any spells.

Dungeon Overview and Level Annotations

Branches:
Dungeon (2/15)

Altars:
Ashenzari
Dithmenos
Elyvilon
Gozag
Makhleb
Okawaru
Xom
Yredelemnul


Innate Abilities, Weirdness & Mutations

You sometimes gain a little power by taking damage.


Message History

Okawaru accepts your kill. The gnoll barely misses you.
The gnoll completely misses you.
Things that are here:
a halberd; a robe You slash the gnoll!
The gnoll is severely wounded.
The gnoll barely misses you. The gnoll closely misses you.
The gnoll closely misses you.
You hit the gnoll.
The gnoll is severely wounded.
The gnoll closely misses you.
You closely miss the gnoll.
The gnoll is severely wounded.
The gnoll barely misses you. The gnoll closely misses you.
You slash the gnoll!
You kill the gnoll!
Okawaru accepts your kill.
The gnoll hits you from afar with a halberd!
You die...

....# #........#..###_..........
########........##...#⌠.#.#.#.#.8
#..............##...##_#_#.#_#8#
#...................############
#.......##.....##....#
#.......##.....##...##
#.......##.######...#
#.......##.######...#
#.......##.....@)g..#
#.......##########.## #...[...#
#..# #.......# #..# ##)......#
#(.# .....##### #..g..S...
..(..## #.......g. .#(...#
#......g.. #<#...# #.........


You could see a gnoll.

Vanquished Creatures
  2 gnolls (D:2)
  2 oozes (D:1)
  4 bats
  A giant cockroach (D:2)
  6 goblins
  6 hobgoblins
  2 giant newts
  2 jackals (D:2)
  3 kobolds
  10 rats
38 creatures vanquished.

Notes
Turn   | Place    | Note
--------------------------------------------------------------
     0 | D:1      | kaze the Demonspawn Gladiator began the quest for the Orb.
     0 | D:1      | Reached XP level 1. HP: 16/16 MP: 1/1
    72 | D:1      | Gained mutation: You sometimes gain a little power by taking damage. [demonic ancestry]
    72 | D:1      | Reached XP level 2. HP: 22/22 MP: 2/2
    91 | D:1      | Reached skill level 3 in Long Blades
   492 | D:1      | Reached XP level 3. HP: 26/28 MP: 3/3
  1110 | D:2      | Found a white marble altar of Elyvilon.
  1112 | D:2      | Found a shattered altar of Ashenzari.
  1120 | D:2      | Found a shimmering altar of Xom.
  1120 | D:2      | Found an opulent altar of Gozag.
  1120 | D:2      | Found an iron altar of Okawaru.
  1131 | D:2      | Found a basalt altar of Yredelemnul.
  1132 | D:2      | Found a shadowy altar of Dithmenos.
  1134 | D:2      | Found a burning altar of Makhleb.
  1143 | D:2      | Became a worshipper of Warmaster Okawaru
  1242 | D:2      | HP: 1/28 [gnoll/halberd (5)]
  1248 | D:2      | Mangled by a gnoll

Action                   || total
-------------------------++-------
Melee: Long sword        ||   111
  Use: Potion            ||     1
